 Dungeon Crawl Stone Soup version 0.26-a0-667-g92642533e4 (webtiles) character file.

Game seed: 6406630093751687983

9499 robertstho the Quickloader (level 11, -1/73 HPs)
             Began as a Kobold Hunter on Oct 16, 2020.
             Was an Elder of Okawaru.
             Slain by a manticore (3 damage)
             ... on level 11 of the Dungeon.
             The game lasted 00:18:26 (13339 turns).

robertstho the Quickloader (Kobold Hunter)         Turns: 13339, Time: 00:18:27

Health: -1/73      AC: 16    Str: 12    XL:     11   Next: 75%
Magic:  15/16      EV: 16    Int: 13    God:    Okawaru [****..]
Gold:   930        SH: 11    Dex: 16    Spells: 10/10 levels left

rFire    + . .     SeeInvis .   a - +1 hand crossbow
rCold    . . .     Faith    .   z - +0 kite shield
rNeg     . . .     Spirit   .   q - +2 scale mail {rF+}
rPois    .         Reflect  .   o - +0 helmet
rElec    .         Harm     .   (no cloak)
rCorr    .         Rampage  .   l - +1 pair of gloves
MR       .....                  y - +0 pair of boots
Stlth    +++.......             (no amulet)
HPRegen  0.22/turn              (no ring)
MPRegen  0.15/turn              (no ring)

@: heroism, barbed spikes
A: small, nightstalker 3
a: Heroism, Renounce Religion


You were on level 11 of the Dungeon.
You worshipped Okawaru.
Okawaru was greatly pleased with you.
You visited 2 branches of the dungeon, and saw 12 of its levels.

You collected 930 gold pieces.

Inventory:

Hand Weapons
 a - a +1 hand crossbow (weapon)
 r - a +2 rapier of venom
 A - a +0 short sword of speed
Missiles
 d - 88 bolts (quivered)
 x - 26 poisoned darts
Armour
 l - a +1 pair of gloves (worn)
 o - a +0 helmet (worn)
 q - a +2 scale mail of fire resistance (worn)
 y - a +0 pair of boots (worn)
 z - a +0 kite shield (worn)
Wands
 m - a wand of digging (3)
 v - a wand of disintegration (12)
 C - a wand of acid (7)
Scrolls
 b - 2 scrolls of noise {unknown}
 e - 3 scrolls of amnesia
 g - 6 scrolls of remove curse
 h - 4 scrolls of enchant armour
 j - 4 scrolls of teleportation
 n - 3 scrolls of magic mapping
 t - a scroll of enchant weapon
 B - a scroll of immolation
 E - a scroll of blinking
Potions
 c - 2 potions of might
 f - a potion of resistance
 i - 2 potions of brilliance
 k - a potion of mutation
 p - 3 potions of flight
 s - 2 potions of curing
 u - a potion of stabbing
 w - a potion of ambrosia
 D - a potion of haste {unknown}
 F - a potion of heal wounds


   Skills:
 * Level 10.9(15.9) Fighting
 + Level 4.1(9.1) Short Blades
 + Level 11.9(16.9) Crossbows
 + Level 5.5(10.5) Armour
 + Level 5.2(10.2) Dodging
 + Level 2.4(7.4) Stealth
 + Level 2.3(7.3) Shields
 * Level 7.1 Invocations
 + Level 0.1 Evocations


You had 10 spell levels left.
You didn't know any spells.
Your spell library contained the following spells:

 Spells                   Type           Power        Failure   Level
 Corona                   Hex            #......      99%         1
 Ensorcelled Hibernation  Hex/Ice        #.....       99%         2
 Confusing Touch          Hex            #.......     100%        3
 Dazzling Flash           Conj/Hex       #.....       100%        3
 Tukima's Dance           Hex            #.......     100%        3


Dungeon Overview and Level Annotations

Branches:
Dungeon (11/15)            Temple (1/1) D:4            Lair (0/6) D:10
    Orc (0/2) D:9

Altars:
Dithmenos
Elyvilon
Makhleb
Nemelex Xobeh
Okawaru
Qazlal
Ru
Sif Muna
Trog
Uskayaw
Wu Jian
Xom
Zin
The Shining One

Shops:
D:9 [

Annotations:
D:10 1 runed translucent door, BruhMomento's ghost, journeyman DsBe


Innate Abilities, Weirdness & Mutations

You are small and have problems with some larger weapons.
You are completely attuned to the shadows.


Message History

Firing (i - inventory. (/) - cycle)
d - 90 bolts (quivered)
Press: ? - help, Shift-Dir - straight line, f/p - big kobold
Aim: a big kobold, wielding a +0 short sword (heavily wounded)
You shoot a bolt. The bolt closely misses the big kobold.
The two-headed ogre shouts in stereo!
You hear a shout!
You block the manticore's attack. The manticore claws you.
* * * LOW HITPOINT WARNING * * *
The manticore claws you.
* * * LOW HITPOINT WARNING * * *
You block the big kobold's attack.
The kobold throws a stone.
The stone hits you but does no damage.
Firing (i - inventory. (/) - cycle)
d - 89 bolts (quivered)
Press: ? - help, Shift-Dir - straight line, f/p - big kobold
Aim: a big kobold, wielding a +0 short sword (heavily wounded)
You shoot a bolt.
The bolt completely misses the big kobold.
A howler monkey comes into view.
The manticore bites you but does no damage.
The manticore claws you.
You die...

................
.........†..##..
.........#.†)###
....#...####..#
....#..#.###..#
.....(....)...#
.........####..#
....K...# ...#
(.K(@...###...#
...KH....##..##
..(O(..#....#
....#.......
h.####.....
###.####...#.
.#.#<.##...###
..............
.#............


You could see a two-headed ogre, a manticore, a big kobold, a howler monkey
(wandering) and 2 kobolds.

Vanquished Creatures
  Harold (D:6)
  A rakshasa (D:11)
  3 two-headed ogres
  Pikel (D:7)
  An ugly thing (D:11)
  A hornet (D:7)
  A vampire (D:11)
  2 wyverns
  8 yaks
  A water moccasin (D:8)
  4 orc warriors
  2 sky beasts
  4 ogres
  A centaur (D:8)
  3 phantoms
  A lemure (D:7)
  4 bullfrogs
  A gnoll sergeant (D:8)
  A wyvern zombie (D:8)
  3 scorpions
  8 killer bees
  3 wights (D:6)
  A bullfrog zombie (D:10)
  2 jellies
  4 orc priests
  4 hounds
  13 orc wizards
  Ijyb (D:4)
  2 iguanas (D:4)
  4 worker ants
  2 hound skeletons
  2 worker ant zombies
  3 gnolls (D:5)
  6 adders
  7 river rats (D:5)
  A shadow imp (D:9)
  4 white imps
  An ooze (D:4)
  An adder zombie (D:6)
  4 worms
  A dart slug (D:1)
  5 leopard geckos
  21 orcs
  4 bats
  3 giant cockroaches
  6 goblins
  7 hobgoblins
  15 jackals
  9 quokkas
  3 ball pythons
  2 frilled lizards (D:1)
  10 kobolds
  21 rats
224 creatures vanquished.

Notes
Turn   | Place    | Note
-------+----------+-------------------------------------------
     0 | D:1      | robertstho the Kobold Hunter began the quest for the Orb.
     0 | D:1      | Reached XP level 1. HP: 12/12 MP: 1/1
    67 | D:1      | Reached skill level 5 in Crossbows
   119 | D:1      | You fall into a shaft and drop 1 floor!
   219 | D:2      | Reached XP level 2. HP: 17/17 MP: 2/2
   524 | D:2      | Reached XP level 3. HP: 22/22 MP: 3/3
   636 | D:2      | Found an ornate altar of the Wu Jian Council.
  1764 | D:1      | Reached skill level 6 in Crossbows
  1833 | D:3      | Reached XP level 4. HP: 24/27 MP: 4/4
  1865 | D:3      | Noticed a fire elemental
  2124 | D:3      | Noticed an air elemental
  2125 | D:3      | Found a stormy altar of Qazlal.
  2125 | D:3      | Noticed an earth elemental
  2128 | D:3      | Noticed a water elemental
  2371 | D:4      | Reached XP level 5. HP: 32/32 MP: 5/5
  2376 | D:4      | Found a staircase to the Ecumenical Temple.
  2388 | D:4      | Reached skill level 1 in Armour
  2438 | D:4      | Reached skill level 7 in Crossbows
  2438 | D:4      | Reached XP level 6. HP: 27/38 MP: 6/6
  2532 | D:4      | Noticed Ijyb
  2546 | D:4      | Killed Ijyb
  2703 | Temple   | Entered the Ecumenical Temple
  2717 | Temple   | Became a worshipper of Warmaster Okawaru
  3158 | D:4      | You fall into a shaft and drop 2 floors!
  3158 | D:6      | Noticed an orc warrior
  3342 | D:7      | Reached XP level 7. HP: 42/43 MP: 7/7
  3354 | D:7      | Reached skill level 8 in Crossbows
  3354 | D:7      | Reached skill level 1 in Invocations
  3398 | D:7      | Noticed Harold
  3527 | D:5      | Entered Level 5 of the Dungeon
  3808 | D:4      | Found a shimmering altar of Xom.
  3810 | D:4      | Found a shimmering altar of Xom.
  3811 | D:4      | Found a shimmering altar of Xom.
  3811 | D:4      | Found a shimmering altar of Xom.
  3811 | D:4      | Found a shimmering altar of Xom.
  3990 | D:4      | Found a burning altar of Makhleb.
  3990 | D:4      | Found a white marble altar of Elyvilon.
  3990 | D:4      | Found a hide-covered altar of Uskayaw.
  4446 | D:4      | Reached XP level 8. HP: 20/48 MP: 9/9
  4729 | D:5      | Reached * piety under Okawaru
  4882 | D:5      | Reached skill level 5 in Fighting
  4882 | D:5      | Reached skill level 9 in Crossbows
  6031 | D:6      | Reached ** piety under Okawaru
  6188 | D:6      | Reached skill level 10 in Crossbows
  6230 | D:6      | Reached XP level 9. HP: 55/55 MP: 11/11
  6947 | D:6      | Killed Harold
  6947 | D:6      | Reached *** piety under Okawaru
  6947 | D:6      | Reached skill level 1 in Short Blades
  7512 | D:7      | Noticed a hornet
  7525 | D:7      | Killed a hornet
  7741 | D:7      | Noticed Pikel
  7747 | D:7      | Killed Pikel
  7747 | D:7      | Reached skill level 5 in Invocations
  7747 | D:7      | Reached XP level 10. HP: 45/64 MP: 13/13
  7885 | D:7      | Found a sacrificial altar of Ru.
  7989 | D:7      | Found a sparkling altar of Nemelex Xobeh.
  8889 | D:8      | Noticed a two-headed ogre
  8905 | D:8      | Killed a two-headed ogre
  8905 | D:8      | Reached **** piety under Okawaru
  8905 | D:8      | Reached skill level 11 in Crossbows
  9722 | D:8      | Found a glowing silver altar of Zin.
  9722 | D:8      | Noticed an angel
 10034 | D:8      | Noticed a two-headed ogre
 10072 | D:8      | Killed a two-headed ogre
 10072 | D:8      | Received a gift from Okawaru
 10072 | D:8      | Reached skill level 5 in Armour
 10404 | D:8      | Reached XP level 11. HP: 67/71 MP: 15/15
 10680 | D:9      | Reached skill level 1 in Shields
 10780 | D:9      | Found a staircase to the Orcish Mines.
 10780 | D:9      | Found Zileck's Armour Shop.
 11024 | D:9      | Received a gift from Okawaru
 11544 | D:9      | Found a glowing golden altar of the Shining One.
 11806 | D:10     | Entered Level 10 of the Dungeon
 11951 | D:10     | Reached skill level 10 in Fighting
 11951 | D:10     | Reached skill level 5 in Dodging
 11955 | D:10     | Found a runed translucent door.
 11956 | D:10     | Found a shimmering altar of Xom.
 11956 | D:10     | Noticed BruhMomento's ghost (journeyman DsBe)
 11958 | D:10     | Noticed a +1 quarterstaff of chaos
 12045 | D:10     | Received a gift from Okawaru
 12309 | D:10     | Noticed a two-headed ogre
 12320 | D:10     | Killed a two-headed ogre
 12509 | D:10     | Found an ornate altar of the Wu Jian Council.
 12569 | D:10     | Found a staircase to the Lair.
 12955 | D:11     | Received a gift from Okawaru
 13006 | D:11     | Noticed a green ugly thing
 13027 | D:11     | Killed a green ugly thing
 13041 | D:11     | Noticed a rakshasa
 13062 | D:11     | Killed a rakshasa
 13328 | D:11     | Noticed a manticore
 13337 | D:11     | Noticed a two-headed ogre
 13338 | D:11     | HP: 2/73 [manticore (3)]
 13339 | D:11     | Slain by a manticore

Illustrated notes

Levels and vault maps discovered:
D:1:      dpeg_arrival_shelter, layout_loops_cross, hex_medium
D:2:      layout_loops_corners, lemuel_doored_altar
D:3:      minmay_angry_zag, layout_rooms, nicolae_qazlal_style_of_elements
D:4:      layout_layer_cave, gammafunk_temple_overflow_claw,
          minmay_temple_entry_ruins, xom_redecorated, uniq_ijyb
D:5:      lemuel_ratsnest, layout_basic
D:6:      layout_gridville
D:7:      layout_basic, lemuel_round_altar, chequers_decorated_corner,
          nicolae_ru_path_of_blood, uniq_pikel, uniq_harold
D:8:      kennysheep_blocky_hall, layout_gridville, zin_angel
D:9:      layout_roguey, orc_david_3, st_stairs_8, tso_metal_star
D:10:     layout_cave_pools, lair_entry_dummy, basic_altar, ebering_ghost_xom,
          nicolae_sextant
D:11:     layout_cave_pools, elves_outpost_lemuel, uniq_nergalle
Temple:   eino_wide_crystal_templ

Skill      XL: |  1  2  3  4  5  6  7  8  9 10 11 |
---------------+----------------------------------+-----
Crossbows      | 5 6 7 8 10 11 | 11.9
Fighting       | 3 4 6 7 9 10 | 10.9
Armour         | 1 2 3 5 |  5.5
Invocations    | 1 3 5 7 |  7.1
Dodging        | 3 4 5 |  5.2
Short Blades   | 2 3 4 |  4.1
Stealth        | 2 |  2.4
Shields        | 2 |  2.3
Evocations     | |  0.1

Action                   |  1- 3 |  4- 6 |  7- 9 | 10-12 || total
-------------------------+-------+-------+-------+-------++-------
Melee: Rapier            |       |       |    25 |    16 ||    41
 Fire: Hand crossbow     |    79 |   102 |   281 |   430 ||   892
Throw: Dart              |       |       |     1 |       ||     1
Invok: Heroism           |       |       |     3 |    12 ||    15
Evoke: Wand              |       |       |       |     4 ||     4
  Use: Scroll            |       |     9 |    11 |     4 ||    24
       Potion            |       |       |     6 |     2 ||     8
Armor: Ring mail         |     5 |       |       |       ||     5
       Scale mail        |       |    18 |    66 |    96 ||   180
Dodge: Dodged            |    15 |    35 |   136 |   136 ||   322
Block: Kite shield       |       |       |       |   111 ||   111

Table legend: (Time is in decaauts)
 A = Elapsed time spent in this place.
 B = Non-inter-level travel time spent in this place.
 C = Inter-level travel time spent in this place.
 D = Time resting spent in this place.
 E = Time spent auto-exploring this place.
 F = Levels seen in this place.
 G = Mean time per level.
                   A        B        C        D        E       F      G
               +--------+--------+--------+--------+--------+-----+--------+
         Total |  13420 |  12828 |    592 |   1878 |   9100 |  12 | 1118.3 |
       Dungeon |  13396 |  12814 |    582 |   1878 |   9091 |  11 | 1217.8 |
        Temple |     23 |     14 |      9 |      0 |      9 |   1 |   23.0 |
               +--------+--------+--------+--------+--------+-----+--------+

Top non-repeatable levels by time:
     D:8: 2022 daAuts
     D:7: 1901 daAuts
     D:4: 1883 daAuts
     D:5: 1523 daAuts
     D:9: 1168 daAuts
     D:2: 1084 daAuts
    D:10: 1050 daAuts
     D:6: 968 daAuts
     D:1: 762 daAuts
     D:3: 533 daAuts
    D:11: 498 daAuts
  Temple: 23 daAuts
